AoeStats
← Green Assassin

African Clearing

506645776Analyzed
4v4 RM · 17d ago on Sep 14, 2026· 45m 6s· 8 players
Game mode
Random Map
Map size
Large (8 player)
Population
200
Speed
Normal
Resources
Standard
Victory
Conquest
Starting age
Dark Age
Ending age
Imperial Age
RankedLock teamsTeams togetherTeam positionsShared explorationLock speedFull tech treeHidden civsTurbo modeCheats
Victory
Defeat
🇨🇳 Persians · China
1146
+17
🇩🇪 Italians · Germany
1135
+17
🇨🇳 Burmese · China
1109
+19
🇯🇴 Bohemians · Jordan
1103
+19
🇬🇧 Hindustanis · United Kingdom
1405
-27
🇦🇷 Goths · Argentina
1180
-19
🇺🇸 Persians · United States
1115
-16
🇬🇧 Berbers · United Kingdom
966
-21
5720638
5:34 Loom
15:46 Feudal Age
16:36 Fishing Lines
20:26 Castle Age
19:21 Double-Bit Axe
25:15 Gillnets
32:27 Imperial Age
29:54 Gold Mining
29:55 Stone Mining
32:58 Stone Shaft Mining
32:59 Gold Shaft Mining
32:26 Husbandry
32:36 Bloodlines
31:47 Light Cavalry
33:13 Wheelbarrow
32:06 Cavalier
32:59 Town Watch
35:08 Bow Saw
34:41 Horse Collar
35:52 Ballistics
36:31 Conscription
36:13 Kamandaran
36:27 Forging
36:24 Scale Barding Armor
36:11 Fletching
37:55 Chemistry
37:30 Hussar
39:01 Chain Barding Armor
39:17 Iron Casting
38:37 Bodkin Arrow
39:07 Hand Cart
38:43 Heavy Camel Rider
41:20 Plate Barding Armor
43:26 Two-Man Saw
42:43 Town Patrol
44:11 Citadels
45:03 Blast Furnace
44:04 Padded Archer Armor
44:02 Murder Holes
44:18 Masonry
44:21 Crossbowman
45:07 Thumb Ring
Green Assassin
5:16 Loom
14:49 Feudal Age
16:11 Double-Bit Axe
21:19 Castle Age
24:30 Wheelbarrow
23:40 Town Watch
24:09 Fishing Lines
24:36 Fletching
25:44 Ballistics
30:46 Bodkin Arrow
37:05 Gold Mining
37:35 Bow Saw
44:04 Imperial Age
42:55 Gillnets
43:21 Bloodlines
42:31 Light Cavalry
43:17 Husbandry
42:38 Light Cavalry
45:49 Thumb Ring
一把葱
5:18 Loom
13:51 Feudal Age
18:27 Castle Age
17:56 Horse Collar
23:27 Wheelbarrow
26:08 Heavy Plow
27:33 Hand Cart
33:10 Imperial Age
30:38 Gold Mining
31:26 Scale Barding Armor
31:32 Forging
31:19 Town Watch
32:51 Bloodlines
32:42 Husbandry
32:51 Husbandry
33:17 Elite Battle Elephant
34:34 Chain Barding Armor
34:50 Iron Casting
36:54 Plate Barding Armor
37:04 Gold Shaft Mining
41:15 Blast Furnace
40:06 Fletching
40:20 Town Patrol
41:34 Stone Mining
Koko
13:57 Feudal Age
19:41 Castle Age
31:54 Pikeman
32:35 Squires
35:50 Double-Bit Axe
39:07 Arson
46:43 Imperial Age
44:55 Wheelbarrow
44:06 Loom
45:14 Bow Saw
mark_aoe_2024
9:24 Loom
14:06 Feudal Age
15:38 Double-Bit Axe
18:50 Castle Age
16:54 Horse Collar
20:46 Bow Saw
20:41 Heavy Plow
26:50 Wheelbarrow
28:14 Bloodlines
28:05 Husbandry
30:07 Hand Cart
31:05 Scale Barding Armor
33:51 Chain Barding Armor
33:42 Forging
36:23 Imperial Age
34:18 Forging
36:23 Pikeman
37:04 Squires
36:26 Cavalier
37:10 Gold Mining
38:15 Plate Barding Armor
38:23 Savar
39:42 Conscription
40:32 Iron Casting
40:20 Halberdier
41:44 Citadels
42:46 Hoardings
BremerDanGorst
12:55 Loom
15:24 Feudal Age
17:55 Horse Collar
21:07 Castle Age
24:19 Double-Bit Axe
25:43 Fletching
27:09 Bow Saw
28:40 Bodkin Arrow
29:36 Heavy Plow
32:04 Bloodlines
31:55 Husbandry
32:03 Thumb Ring
36:55 Imperial Age
35:06 Padded Archer Armor
37:32 Wheelbarrow
37:32 Leather Archer Armor
37:37 Elite Camel Archer
40:19 Ballistics
41:00 Chemistry
42:55 Bracer
43:26 Ring Archer Armor
42:41 Heavy Camel Rider
45:12 Forging
45:09 Scale Barding Armor
jeffarin_bobzos
3:39 Loom
11:35 Loom
13:20 Feudal Age
15:35 Wheelbarrow
16:50 Bloodlines
19:12 Forging
19:46 Scale Barding Armor
26:12 Castle Age
26:34 Double-Bit Axe
26:31 Horse Collar
28:34 Hand Cart
28:31 Bow Saw
28:25 Heavy Plow
34:03 Stone Mining
38:01 Fletching
38:54 Scale Mail Armor
40:33 Chain Mail Armor
44:27 Imperial Age
41:43 Town Watch
42:01 Murder Holes
42:52 Chain Barding Armor
43:30 Husbandry
44:43 Heavy Camel Rider
ta mal ito
13:13 Feudal Age
13:19 Feudal Age
11:36 Loom
13:21 Feudal Age
17:17 Castle Age
16:47 Double-Bit Axe
17:39 Scale Mail Armor
20:58 Chain Mail Armor
21:25 Forging
27:16 Iron Casting
32:16 Fletching
33:21 Bow Saw
37:47 Bodkin Arrow
Connection lost

Rejoining the realm…

Still unreachable

The connection could not be restored.

Session expired

The server has moved on; the page needs a fresh start.